 Dungeon Crawl Stone Soup version 0.30-b1-2-g02819fbbbe (webtiles) character file.

Game seed: 2177163267802488490

763 Fartwhistle the Changer (level 7, -9/62 HPs)
             Began as a Naga Transmuter on Sept 7, 2023.
             Was a Believer of Cheibriados.
             Succumbed to a gnoll sergeant's poison
             ... on level 5 of the Dungeon.
             The game lasted 00:11:49 (4420 turns).

Fartwhistle the Changer (Naga Transmuter)           Turns: 4420, Time: 00:11:50

Health: -9/62      AC:  2    Str: 19    XL:     7   Next: 81%
Magic:  8/10       EV: 19    Int: 21    God:    Cheibriados [**....]
Gold:   245        SH:  0    Dex: 22    Spells: 0/10 levels left

rFire   . .          .
                       - Unarmed
rCold   . . .        (shield currently unavailable)
rNeg    + . .        o - melded +1 leather armour of Absence {+Blink Str+3 Int-3 Dex+2}
rPois   x            (helmet currently unavailable)
rElec   .            (cloak currently unavailable)
rCorr   .            (gloves currently unavailable)
SInv    +            f - melded +0 barding
Will    .....        h - amulet of faith
Stlth   ++           m - ring of wizardry
HPRegen 0.30/turn    n - ring of positive energy
MPRegen 0.12/turn

%: faith, wizardry (x1)
@: lethally poisoned (-9 -> -97), spider-form, flying, very slow
A: venomous fangs, AC +2, tiny, see invisible, (deformed body), (poison
resistance), (slowness 2), spit poison 1, (naga tail 1)
a: Spit Poison, End Transformation, Renounce Religion, Bend Time


You were on level 5 of the Dungeon.
You worshipped Cheibriados.
Cheibriados was pleased with you.
You were a venomous arachnid creature.
You visited 1 branch of the dungeon, and saw 5 of its levels.

You collected 245 gold pieces.

Inventory:

Missiles
 q - 5 curare-tipped darts
 x - 5 javelins
Armour
 a - a +0 robe
 f - a +0 barding (melded)
 o - the +1 leather armour of Absence (melded) {+Blink Str+3 Int-3 Dex+2}
   (You found it on level 3 of the Dungeon)

   Str:       It affects your strength (+3).
   Int:       It affects your intelligence (-3).
   Dex:       It affects your dexterity (+2).
   +Blink:    It lets you blink.
Magical Staves
 k - a staff of cold
Jewellery
 g - a ring of fire
 h - an amulet of faith (around neck)
 i - an amulet of guardian spirit
 m - a ring of wizardry (left front pincers)
 n - a ring of positive energy (right front pincers)
 r - an amulet of regeneration
Wands
 j - a wand of digging (3)
Scrolls
 b - a scroll of acquirement {unknown}
 d - 5 scrolls of teleportation
 s - a scroll of brand weapon
 t - a scroll of vulnerability {unknown}
 v - 2 scrolls of butterflies {unknown}
 w - a scroll of noise {unknown}
 y - a scroll of poison {unknown}
 z - a scroll of enchant armour {unknown}
 B - a scroll of amnesia {unknown}
Potions
 c - 3 potions of might
 e - 2 potions of cancellation
 l - a potion of flight
 p - a potion of attraction {unknown}
 u - a potion of brilliance {unknown}
 A - a potion of resistance {unknown}


   Skills:
 - Level 3.0 Fighting
 - Level 1.5 Dodging
 + Level 4.3 Unarmed Combat
 - Level 2.0 Spellcasting
 + Level 6.8 Transmutations
 - Level 3.0 Invocations


You couldn't memorise any spells.
You knew the following spells:

 Your Spells              Type           Power      Damage    Failure   Level
a - Beastly Appendage     Tmut           60%        N/A       1%          1
b - Wereblood             Tmut           30%        N/A       2%          2
c - Spider Form           Tmut/Pois      16%        N/A       11%         3
d - Ice Form              Ice/Tmut       16%        N/A       28%         4

Your spell library contained the following spells:

 Spells                   Type           Power      Damage    Failure   Level
 Blink                    Tloc           4%         N/A       19%         2
 Lesser Beckoning         Tloc           4%         N/A       19%         2
 Momentum Strike          Conj/Tloc      4%         3d8       19%         2
 Summon Guardian Golem    Hex/Summ       2%         N/A       32%         3
 Orb of Destruction       Conj           1%         9d5       100%        7
 Spellforged Servitor     Conj/Summ      1%         N/A       100%        7


Dungeon Overview and Level Annotations

Branches:
Dungeon (5/15)
 Temple: D:4-7

Altars:
Cheibriados
Yredelemnul


Innate Abilities, Weirdness & Mutations

You are a venomous arachnid creature.
You have venomous fangs.
You are tiny and dextrous.
Your spellcasting is less reliable in this form.
Your armour is entirely melded.
You are incapable of wielding weapons or throwing items.
((Your serpentine skin is tough. (AC +2)))
You have supernaturally acute eyesight. (SInv)
((Armour fits poorly on your strangely shaped body.))
((Your system is resistant to poisons. (rPois)))
((You cover ground very slowly.))
You can spit poison.
((You have a snake-like lower body.))


Message History

You feel very sick. The gnoll sergeant closely misses you.
The gnoll attacks as you move away! The gnoll misses you.
You feel very sick.
Aiming: Spit Poison (1% risk of failure)
Press: ? - help, Shift-Dir - straight line, f - gnoll sergeant
Aim: a gnoll sergeant, wielding a +2 spear of venom and wearing a +0 ring mail (70% to hit)
The splash of poison hits the gnoll sergeant.
The gnoll sergeant is poisoned.
The gnoll sergeant is lightly wounded.
You feel sick.
You feel very sick. The gnoll sergeant barely misses you.
You feel sick.
Okay, then.
You feel sick.
The gnoll sergeant looks more healthy.
The gnoll sergeant hits you with a +2 spear of venom!
You are more poisoned.
The gnoll sergeant hits you with a +2 spear of venom!
You are more poisoned.
You barely miss the gnoll sergeant.
The gnoll sergeant is lightly wounded.
You have got your breath back.
You feel extremely sick. The gnoll sergeant barely misses you.
Unknown command.
You hit the gnoll sergeant but do no damage.
The gnoll sergeant is poisoned.
The gnoll sergeant is lightly wounded.
* * * LOW HITPOINT WARNING * * *
You feel extremely sick.
The gnoll sergeant hits you with a +2 spear of venom!
* * * LOW HITPOINT WARNING * * *
You are more poisoned.
Okay, then.
Okay, then.
It was a potion of flight.
You feel very buoyant.
You fly up into the air.
You die...

##### ##..... #...###
#...... ..######.#...##
#.)....
.........###..####))....
.....#####..# ##..#........
.... ##..#####.#.#......
.... #..................
..... ##.######.....#....
...### #s# #...<...### ...#
#g######.......##.
#.###g##...........##.
###...#g...#.#........#.
#........###.#..........
###........##..#...#.###..
...........†##.##.#........
#..
####...........##.##.....##
..#
####.g.......####>#..#.###


You could see a gnoll sergeant (very poisoned) and 2 gnolls.

Vanquished Creatures
  A black bear (D:5)
  An ogre (D:5)
  A centaur (D:5)
  A howler monkey (D:5)
  2 hounds
  3 orc priests
  A sleepcap (D:4)
  An iguana (D:4)
  3 orc wizards (D:5)
  4 gnolls (D:3)
  7 adders
  A white imp (D:5)
  2 dart slugs
  10 orcs
  6 ball pythons
  2 bats
  5 endoplasms
  4 giant cockroaches
  12 goblins
  4 hobgoblins
  6 jackals
  3 quokkas
  A frilled lizard (D:2)
  10 kobolds
  8 rats
99 creatures vanquished.

Notes
Turn   | Place    | Note
-------+----------+-------------------------------------------
     0 | D:1      | Fartwhistle the Naga Transmuter began the quest for the
                  | Orb.
     0 | D:1      | Reached XP level 1. HP: 18/18 MP: 3/3
    94 | D:1      | Found a faded altar of an unknown god.
   188 | D:1      | Reached XP level 2. HP: 15/25 MP: 5/5
   415 | D:1      | Learned a level 2 spell: Wereblood
   462 | D:1      | Reached skill level 3 in Transmutations
   621 | D:1      | Reached XP level 3. HP: 31/31 MP: 6/6
  1425 | D:2      | Learned a level 3 spell: Spider Form
  1516 | D:2      | Reached skill level 4 in Transmutations
  1697 | D:2      | Reached XP level 4. HP: 37/38 MP: 7/7
  1763 | D:2      | Found a snail-covered altar of Cheibriados.
  1795 | D:2      | Became a worshipper of Cheibriados the Contemplative
  1960 | D:3      | Identified the +1 leather armour of Absence {+Blink Str+3
                  | Int-3 Dex+2}
  2149 | D:3      | Reached skill level 5 in Transmutations
  2159 | D:3      | Reached XP level 5. HP: 43/44 MP: 6/8
  2589 | D:3      | Reached * piety under Cheibriados
  2635 | D:3      | Identified the +1 short sword "Killer Bee's Death"
                  | {antimagic, Fly rElec Dex+4 SInv}
  2929 | D:4      | Reached skill level 1 in Invocations
  3280 | D:4      | Reached XP level 6. HP: 50/55 MP: 7/9
  3516 | D:4      | Reached ** piety under Cheibriados
  3583 | D:4      | Found a basalt altar of Yredelemnul.
  3793 | D:5      | Entered Level 5 of the Dungeon
  3793 | D:5      | Noticed a black bear
  3803 | D:5      | Killed a black bear
  3879 | D:5      | Reached skill level 6 in Transmutations
  3879 | D:5      | Reached XP level 7. HP: 38/62 MP: 5/10
  4033 | D:5      | Learned a level 4 spell: Ice Form
  4420 | D:5      | Succumbed to a gnoll sergeant's poison

Illustrated notes

Levels and vault maps discovered:
D:1:      tarquinn_simple_flora_water_a, layout_basic, basic_ecumenical_altar
D:2:      layout_rooms, basic_altar
D:3:      layout_basic, minmay_increasing_density
D:4:      layout_gridville, lemuel_round_altar
D:5:      layout_rooms, minivault_5

Skill      XL: |  1  2  3  4  5  6  7 |
---------------+----------------------+-----
Transmutations | 3 4 5 6 |  6.8
Fighting       | 2 3 |  3.0
Invocations    | 2 3 |  3.0
Unarmed Combat | 4 |  4.3
Dodging        | |  1.5
Spellcasting   | |  2.0

Action                     |  1- 3 |  4- 6 |  7- 9 || total
---------------------------+-------+-------+-------++-------
  Melee: Unarmed           |   106 |   183 |    44 ||   333
         Headbutt          |     7 |     6 |       ||    13
         Punch             |     2 |       |     1 ||     3
   Cast: Beastly Appendage |    10 |    10 |     2 ||    22
         Spider Form       |       |     5 |     4 ||     9
         Wereblood         |       |     1 |       ||     1
Ability: Spit Poison       |    19 |    28 |     3 ||    50
    Use: Potion            |     1 |     2 |     1 ||     4
         Scroll            |       |     5 |     1 ||     6
 Armour: Robe              |    27 |     7 |       ||    34
         Skin              |     1 |     5 |     2 ||     8
         Leather armour    |       |    59 |     6 ||    65
  Dodge: Dodged            |    33 |   112 |    43 ||   188
